AoeStats
← AOKI_GworK

Coastal Forest

503248474Analyzed
2v2 RM · 1mo ago on Aug 30, 2026· 28m 20s· 4 players
Game mode
Random Map
Map size
Medium (4 player)
Population
200
Speed
Normal
Resources
Standard
Victory
Conquest
Starting age
Dark Age
Ending age
Imperial Age
RankedLock teamsTeams togetherTeam positionsShared explorationLock speedFull tech treeHidden civsTurbo modeCheats
Victory
Defeat
🇦🇷 Portuguese · Argentina
1765
+12
🇦🇷 Poles · Argentina
1765
+12
🇫🇷 Muisca · France
1690
-13
🇫🇷 Gurjaras · France
1677
-12
AOKI_GworK
5:08 Loom
10:46 Feudal Age
11:20 Double-Bit Axe
12:32 Horse Collar
15:13 Scale Barding Armor
15:52 Forging
21:50 Wheelbarrow
21:35 Bloodlines
24:49 Castle Age
23:34 Gold Mining
25:55 Chain Barding Armor
26:11 Iron Casting
25:37 Husbandry
AOKI_Yo
6:14 Loom
9:01 Feudal Age
9:18 Champi Runner
14:30 Fletching
17:04 Double-Bit Axe
26:47 Castle Age
26:23 Horse Collar
27:05 Padded Archer Armor
26:49 Crossbowman
27:49 Bodkin Arrow
★ DrumM ❿
6:26 Loom
8:54 Feudal Age
10:25 Double-Bit Axe
13:08 Fletching
22:12 Castle Age
20:36 Gold Mining
21:13 Padded Archer Armor
21:00 Horse Collar
22:19 Crossbowman
22:55 Bodkin Arrow
23:37 Leather Archer Armor
28:05 Thumb Ring
MrLokura
6:40 Loom
8:53 Feudal Age
9:54 Double-Bit Axe
9:50 Horse Collar
14:33 Scale Barding Armor
21:48 Castle Age
20:46 Gold Mining
21:15 Bloodlines
22:07 Wheelbarrow
22:41 Husbandry
23:01 Bow Saw
22:52 Heavy Plow
24:47 Forging
25:00 Chain Barding Armor
26:22 Hand Cart
26:29 Stone Mining
Connection lost

Rejoining the realm…

Still unreachable

The connection could not be restored.

Session expired

The server has moved on; the page needs a fresh start.